 Dungeon Crawl Stone Soup version 0.29.0-11-gd7f09526c8 (webtiles) character file.

Game seed: 2601095392245409333

202 RascalDebosk the Trooper (level 5, -3/63 HPs)
             Began as a Demonspawn Berserker on Sept 6, 2022.
             Was a Follower of Trog.
             Killed from afar by Natasha (7 damage)
             ... with a magic dart
             ... on level 2 of the Dungeon.
             The game lasted 00:07:16 (822 turns).

RascalDebosk the Trooper (Demonspawn Berserker)      Turns: 822, Time: 00:07:16

Health: -3/63      AC:  5    Str: 20    XL:     5   Next: 50%
Magic:  5/5        EV: 11    Int: 10    God:    Trog [*.....]
Gold:   63         SH:  0    Dex: 12    Spells: 4/4 levels left

rFire   . . .      SeeInvis .   g - +0 scythe
rCold   . . .      Faith    .   (shield currently unavailable)
rNeg    . . .      Spirit   .   f - +0 ring mail
rPois   .          Reflect  .   (helmet restricted)
rElec   .          Harm     .   (no cloak)
rCorr   .          Rampage  .   (no gloves)
Will    .....                   (no boots)
Stlth   ..........              (no amulet)
HPRegen 0.20/turn               (no ring)
MPRegen 0.09/turn               (no ring)

@: berserking, very quick
A: antennae 2, big brain 1
a: Renounce Religion, Berserk


You were on level 2 of the Dungeon.
You worshipped Trog.
Trog was aware of your devotion.
You visited 1 branch of the dungeon, and saw 2 of its levels.

You collected 63 gold pieces.

Inventory:

Hand Weapons
 a - a +0 spear
 g - a +0 scythe (weapon)
Armour
 f - a +0 ring mail (worn)
 h - a +1 robe of willpower
Scrolls
 e - a scroll of immolation {unknown}
Potions
 b - 2 potions of lignification {unknown}
 c - 3 potions of curing {unknown}
 d - a potion of flight {unknown}
 i - a potion of mutation {unknown}


   Skills:
 + Level 3.7 Fighting
 + Level 3.4 Polearms
 + Level 1.7 Throwing
 + Level 2.6 Armour
 + Level 2.6 Dodging
 + Level 1.8 Evocations


You had 4 spell levels left.
You didn't know any spells.
Your spell library was empty.

Dungeon Overview and Level Annotations

Branches:
Dungeon (2/15)

Altars:
Kikubaaqudgha

Annotations:
D:2 Natasha, Robin


Innate Abilities, Weirdness & Mutations

You have a pair of antennae on your head.
You have an unusually large brain. (Int +2)


Message History

The roots erupt in riotous growth!
The grasping roots grab you!
The goblin is unaffected. x2; Natasha is unaffected.
The hobgoblin is unaffected.
The now-empty wand crumbles to dust.
The grasping roots constrict you. The goblin hits you with a +0 club.
The crimson imp blinks!
You hear a shout! x2
A red film seems to cover your vision as you go berserk!
You feel yourself moving faster!
You feel mighty!
The crimson imp grins evilly.
The goblin hits you but does no damage. The goblin hits you with a +0 club.
The hobgoblin hits you. Natasha claws you. The grasping roots constrict you.
You closely miss Natasha. The goblin hits you but does no damage.
The hobgoblin hits you but does no damage.
Natasha claws you.
* * * LOW HITPOINT WARNING * * *
The grasping roots constrict you.
* * * LOW HITPOINT WARNING * * *
The crimson imp hits you.
* * * LOW HITPOINT WARNING * * *
The goblin closely misses you. Robin throws the goblin at you!
* * * LOW HITPOINT WARNING * * *
The grasping roots release their grip on you.
You hit Natasha.
Natasha is lightly wounded.
The goblin hits you but does no damage.
The hobgoblin hits you but does no damage.
The goblin barely misses you. Natasha closely misses you.
The goblin hits you with a +0 club.
* * * LOW HITPOINT WARNING * * *
The crimson imp closely misses you.
You barely miss Natasha.
Natasha is lightly wounded.
The crimson imp hits you.
* * * LOW HITPOINT WARNING * * *
The goblin misses you. The hobgoblin barely misses you.
The goblin hits you but does no damage. x2
Natasha casts a spell at you. The magic dart hits you!
You die...

#.#####...#(......#
#...........#####.###
#.......#.....###...#
#....##.#...#...###.## ..
#....##.#.....#.###..#### .. ..
##....##.................###.##.#
.................####.##.........
...............ghg.##.###.$....$.
..............gg@#.#.............
.>...).........gg5....###........
###..##.......ggg###....†........
#.. #.......gg## ###.#.....#...
#.. #....??..... ...##.<...#..
#.. #...........#..#.#....K....
#.. .........................#.
#.. #........ ## ##...._....<.
.....g. #........###


You could see Robin, Natasha, a crimson imp (summoned), 2 hobgoblins and 8
goblins.

Vanquished Creatures
  Sigmund (D:2)
  Natasha (D:2)
  A dart slug (D:1)
  A bat (D:1)
  3 endoplasms
  A goblin (D:2)
  A kobold (D:2)
  2 quokkas (D:1)
  A ball python (D:1)
  2 rats
14 creatures vanquished.

Notes
Turn   | Place    | Note
-------+----------+-------------------------------------------
     0 | D:1      | RascalDebosk the Demonspawn Berserker began the quest for
                  | the Orb.
     0 | D:1      | Reached XP level 1. HP: 18/18 MP: 1/1
   355 | D:1      | Gained mutation: You have a pair of small antennae on your
                  | head. [demonic ancestry]
   355 | D:1      | Reached XP level 2. HP: 24/24 MP: 2/2
   391 | D:1      | Found a faded altar of an unknown god.
   672 | D:2      | Noticed Sigmund
   672 | D:2      | Found an ancient bone altar of Kikubaaqudgha.
   677 | D:2      | Killed Sigmund
   678 | D:2      | Reached skill level 1 in Throwing
   678 | D:2      | Reached skill level 1 in Evocations
   678 | D:2      | Gained mutation: You have a pair of antennae on your head.
                  | [demonic ancestry]
   678 | D:2      | Reached XP level 3. HP: 30/30 MP: 3/3
   678 | D:2      | Reached XP level 4. HP: 37/37 MP: 4/4
   678 | D:2      | Gained mutation: You have an unusually large brain. (Int
                  | +2) [demonic ancestry]
   678 | D:2      | Reached XP level 5. HP: 42/42 MP: 5/5
   768 | D:2      | Noticed Natasha
   775 | D:2      | Killed Natasha
   812 | D:2      | Noticed Natasha
   816 | D:2      | Identified the +9 dagger of Upheaval {spect, rPois rC- rN+}
   816 | D:2      | Noticed Robin
   822 | D:2      | Killed from afar by Natasha

Illustrated notes

Levels and vault maps discovered:
D:1:      co_arrival_square_in_a_square_in_a_square, layout_basic,
          dreamdust_ecumenical_altar_hidden_monk_grotto
D:2:      layout_rooms, basic_altar, minmay_tetromino_t4, uniq_robin,
          uniq_natasha, uniq_sigmund

Skill      XL: |  1  2 |
---------------+-------+-----
Polearms       | 3 |  3.4
Throwing       | 1 |  1.7
Armour         | 2 |  2.6
Dodging        | 2 |  2.6
Evocations     | 1 |  1.8
Fighting       | |  3.7

Action                   |  1- 3 |  4- 6 || total
-------------------------+-------+-------++-------
Melee: Spear             |    25 |     6 ||    31
       Halberd           |       |    13 ||    13
Invok: Berserk           |     1 |     2 ||     3
 Stab: Sleeping          |     1 |       ||     1
Armor: Animal skin       |     2 |       ||     2
       Ring mail         |     1 |    12 ||    13
Dodge: Dodged            |    14 |    16 ||    30
